APP
OGDEN RAPTORS @ GRAND JUNCTION ROCKIES
10/22/2049
 
TOP OF THE 1ST
San Diego (APP) Padres batting - Pitching for Grand Junction Rockies : RHP Kevin Woods
Pitching: RHP Kevin Woods
Batting: RHB Luis Juarez 0-0: Called Strike
0-1: Foul Ball, location: 2F
0-2: Ball
1-2: Ball
2-2: Strikes out looking
Batting: SHB Justin Burkholder 0-0: Ball
1-0: Called Strike
1-1: Bunted foul
1-2: Ground out 1-3 (Groundball, 15S, EV 68.8 MPH)
Batting: RHB Laroya Foronda 0-0: Called Strike
0-1: Ball
1-1: Swinging Strike
1-2: Foul Ball, location: 2F
1-2: Ball
2-2: Ball
3-2: Strikes out swinging
Top of the 1st over - 0 runs, 0 hits, 0 errors, 0 left on base; San Diego (APP) 0 - Grand Junction 0
BOTTOM OF THE 1ST
Grand Junction Rockies batting - Pitching for San Diego (APP) Padres : LHP Eddie Saucedo
Pitching: LHP Eddie Saucedo
Batting: RHB Masahide Asano 0-0: Fly out, F3 (Popup, 34S, EV 68.8 MPH)
Batting: LHB Jordan Garcia 0-0: Called Strike
0-1: SINGLE (Line Drive, 34, EV 101.9 MPH)
Batting: RHB Joe Robinson 0-0: Ball
1-0: 2-RUN HOME RUN (Flyball, 7LD, EV 93.8 MPH), Distance : 338 ft
Batting: RHB Heitor Bulho 0-0: Swinging Strike
0-1: Swinging Strike
0-2: Strikes out swinging
Batting: SHB Ramiro Rendina 0-0: Ball
1-0: Ground out 4-3 (Groundball, 4, EV 104.4 MPH)
Bottom of the 1st over - 2 runs, 2 hits, 0 errors, 0 left on base; San Diego (APP) 0 - Grand Junction 2
TOP OF THE 2ND
San Diego (APP) Padres batting - Pitching for Grand Junction Rockies : RHP Kevin Woods
Batting: RHB Luis Ramos 0-0: Ball
1-0: Ball
2-0: Ground out 5-3 (Groundball, 56, EV 99.4 MPH)
Batting: SHB Juan Luna 0-0: Foul Ball, location: 2F
0-1: Ground out 6-3 (Groundball, 6, EV 96.3 MPH)
Batting: LHB Bobby Mohr 0-0: Called Strike
0-1: Ball
1-1: Foul Ball, location: 2F
1-2: Ball
2-2: Foul Ball, location: 2F
2-2: Ground out 4-3 (Groundball, 4, EV 103.8 MPH)
Top of the 2nd over - 0 runs, 0 hits, 0 errors, 0 left on base; San Diego (APP) 0 - Grand Junction 2
BOTTOM OF THE 2ND
Grand Junction Rockies batting - Pitching for San Diego (APP) Padres : LHP Eddie Saucedo
Batting: LHB Franklin Sanchez 0-0: Ball
1-0: Ball
2-0: Ball
3-0: Base on Balls
Batting: RHB Pat Stovall 0-0: Fly out, F8 (Flyball, 8LM, EV 98.8 MPH)
Batting: LHB Craig Tucker 0-0: Ball
Passed Ball!
Franklin Sanchez to second
1-0: SINGLE (Flyball, 9LM, EV 96.9 MPH)
Franklin Sanchez to third
Batting: RHB Kevin Woods 0-0: Ball
1-0: Bunt missed!
1-1: Bunt missed!
1-2: Sac Bunt to 3S - play at first, batter OUT! 3-1
Craig Tucker to second
Batting: RHB Masahide Asano 0-0: Swinging Strike
0-1: Ground out 6-3 (Groundball, 6S, EV 76.9 MPH)
Bottom of the 2nd over - 0 runs, 1 hit, 0 errors, 2 left on base; San Diego (APP) 0 - Grand Junction 2
TOP OF THE 3RD
San Diego (APP) Padres batting - Pitching for Grand Junction Rockies : RHP Kevin Woods
Batting: LHB Justin Banner 0-0: Called Strike
0-1: Ball
1-1: Fly out, F8 (Flyball, 8LM, EV 79.4 MPH)
Batting: LHB Byron Carmichael 0-0: Ball
1-0: Swinging Strike
1-1: Ball
2-1: Foul Ball, location: 2F
2-2: Strikes out swinging
Batting: LHB Eddie Saucedo 0-0: Foul Ball, location: 2F
0-1: Foul Ball, location: 2F
0-2: Foul Ball, location: 2F
0-2: Ball
1-2: Foul Ball, location: 2F
1-2: Foul Ball, location: 2F
1-2: Strikes out swinging
Top of the 3rd over - 0 runs, 0 hits, 0 errors, 0 left on base; San Diego (APP) 0 - Grand Junction 2
BOTTOM OF THE 3RD
Grand Junction Rockies batting - Pitching for San Diego (APP) Padres : LHP Eddie Saucedo
Batting: LHB Jordan Garcia 0-0: Ball
1-0: Ball
2-0: Ball
3-0: Called Strike
3-1: Foul Ball, location: 2F
3-2: SINGLE (Line Drive, 89S, EV 111.9 MPH)
Batting: RHB Joe Robinson 0-0: Called Strike
0-1: Foul Ball, location: 2F
0-2: Ball
1-2: Ball
2-2: Foul Ball, location: 2F
2-2: Strikes out swinging
Batting: RHB Heitor Bulho 0-0: Foul Ball, location: 2F
0-1: Called Strike
0-2: SINGLE (Groundball, 56D, EV 99.4 MPH)
Jordan Garcia to second
Batting: SHB Ramiro Rendina 0-0: Ball
Wild Pitch!
Jordan Garcia to third
Heitor Bulho to second
1-0: Called Strike
1-1: Called Strike
1-2: Ground out 3-1 (Groundball, 34S, EV 63.1 MPH)
Jordan Garcia scores
Heitor Bulho to third
Batting: LHB Franklin Sanchez 0-0: Called Strike
0-1: Ball
1-1: Called Strike
1-2: Ball
Wild Pitch!
Heitor Bulho scores
2-2: SINGLE (Groundball, 34D, EV 111.3 MPH)
Batting: RHB Pat Stovall 0-0: Called Strike
0-1: Ball
1-1: Foul Ball, location: 2F
1-2: Strikes out swinging
Bottom of the 3rd over - 2 runs, 3 hits, 0 errors, 1 left on base; San Diego (APP) 0 - Grand Junction 4
TOP OF THE 4TH
San Diego (APP) Padres batting - Pitching for Grand Junction Rockies : RHP Kevin Woods
Batting: RHB Luis Juarez 0-0: Called Strike
0-1: Foul Ball, location: 2F
0-2: Ball
1-2: Ball
2-2: Strikes out swinging
Batting: SHB Justin Burkholder 0-0: Called Strike
0-1: Ball
1-1: Fly out, F7 (Flyball, 7S, EV 88.1 MPH)
Batting: RHB Laroya Foronda 0-0: Called Strike
0-1: Ball
1-1: Foul Ball, location: 2F
1-2: Strikes out swinging
Top of the 4th over - 0 runs, 0 hits, 0 errors, 0 left on base; San Diego (APP) 0 - Grand Junction 4
BOTTOM OF THE 4TH
Grand Junction Rockies batting - Pitching for San Diego (APP) Padres : LHP Eddie Saucedo
Batting: LHB Craig Tucker 0-0: Called Strike
0-1: Ball
1-1: Ball
2-1: Foul Ball, location: 2F
2-2: Strikes out swinging
Batting: RHB Kevin Woods 0-0: Ball
1-0: Called Strike
1-1: DOUBLE (Line Drive, 89D, EV 108.8 MPH)
Batting: RHB Masahide Asano 0-0: Foul Ball, location: 2F
0-1: Ball
Passed Ball!
Kevin Woods to third
1-1: Foul Ball, location: 2F
1-2: Strikes out swinging
Batting: LHB Jordan Garcia 0-0: Ball
1-0: Ball
2-0: SINGLE (Groundball, 34D, EV 97.5 MPH)
Kevin Woods scores
Pitching: RHP Danny Casillas
Batting: RHB Joe Robinson 0-0: Ball
Jordan Garcia steals 2nd base
1-0: Ball
2-0: Foul Ball, location: 2F
2-1: Ball
3-1: Foul Ball, location: 2F
3-2: Foul Ball, location: 2F
3-2: Foul Ball, location: 2F
3-2: Foul Ball, location: 2F
3-2: DOUBLE (Groundball, 5L, EV 106.9 MPH)
Jordan Garcia scores
Batting: RHB Heitor Bulho 0-0: Called Strike
0-1: Ball
1-1: Ball
2-1: Ball
3-1: Called Strike
3-2: Foul Ball, location: 2F
3-2: Strikes out swinging
Bottom of the 4th over - 2 runs, 3 hits, 0 errors, 1 left on base; San Diego (APP) 0 - Grand Junction 6
TOP OF THE 5TH
San Diego (APP) Padres batting - Pitching for Grand Junction Rockies : RHP Kevin Woods
Batting: RHB Luis Ramos 0-0: Called Strike
0-1: Called Strike
0-2: Foul Ball, location: 2F
0-2: Strikes out swinging
Batting: SHB Juan Luna 0-0: Called Strike
0-1: Ball
1-1: Ball
2-1: Swinging Strike
2-2: Ground out 6-3 (Groundball, 6, EV 84.4 MPH)
Batting: LHB Bobby Mohr 0-0: Called Strike
0-1: Ball
1-1: Called Strike
1-2: Strikes out swinging
Top of the 5th over - 0 runs, 0 hits, 0 errors, 0 left on base; San Diego (APP) 0 - Grand Junction 6
BOTTOM OF THE 5TH
Grand Junction Rockies batting - Pitching for San Diego (APP) Padres : RHP Danny Casillas
Batting: SHB Ramiro Rendina 0-0: Ball
1-0: Foul Ball, location: 2F
1-1: Called Strike
1-2: Strikes out looking
Batting: LHB Franklin Sanchez 0-0: Ball
1-0: Ball
2-0: Fly out, F8 (Line Drive, 8LD, EV 110.0 MPH)
Batting: RHB Pat Stovall 0-0: Ball
1-0: Ball
2-0: Ball
3-0: Called Strike
3-1: Fly out, F9 (Line Drive, 9, EV 88.8 MPH)
Bottom of the 5th over - 0 runs, 0 hits, 0 errors, 0 left on base; San Diego (APP) 0 - Grand Junction 6
TOP OF THE 6TH
San Diego (APP) Padres batting - Pitching for Grand Junction Rockies : RHP Kevin Woods
Batting: LHB Justin Banner 0-0: Ball
1-0: Called Strike
1-1: Swinging Strike
1-2: Ball
2-2: Strikes out swinging
Batting: LHB Byron Carmichael 0-0: Foul Ball, location: 2F
0-1: Ground out 4-3 (Groundball, 4, EV 88.1 MPH)
Pinch Hitting: RHB Jonathan Klug 0-0: Ball
1-0: Swinging Strike
1-1: Ball
2-1: Foul Ball, location: 2F
2-2: Foul Ball, location: 2F
2-2: Strikes out swinging
Top of the 6th over - 0 runs, 0 hits, 0 errors, 0 left on base; San Diego (APP) 0 - Grand Junction 6
BOTTOM OF THE 6TH
Grand Junction Rockies batting - Pitching for San Diego (APP) Padres : RHP Danny Casillas
Pitching: LHP Bryan Glover
Batting: LHB Craig Tucker 0-0: Called Strike
0-1: Swinging Strike
0-2: Ball
1-2: Strikes out swinging
Batting: RHB Kevin Woods 0-0: Called Strike
0-1: Foul Ball, location: 2F
0-2: Foul Ball, location: 2F
0-2: Ball
1-2: Foul Ball, location: 2F
1-2: Fly out, F2 (Popup, 25F, EV 76.3 MPH)
Batting: RHB Masahide Asano 0-0: Ball
1-0: Ball
2-0: Swinging Strike
2-1: Swinging Strike
2-2: Strikes out swinging
Bottom of the 6th over - 0 runs, 0 hits, 0 errors, 0 left on base; San Diego (APP) 0 - Grand Junction 6
TOP OF THE 7TH
San Diego (APP) Padres batting - Pitching for Grand Junction Rockies : RHP Kevin Woods
Batting: RHB Luis Juarez 0-0: Ball
1-0: Ground out 6-3 (Groundball, 6, EV 88.8 MPH)
Batting: SHB Justin Burkholder 0-0: Ground out 3-1 (Groundball, 3S, EV 90.0 MPH)
Batting: RHB Laroya Foronda 0-0: Ball
1-0: Ball
2-0: Foul Ball, location: 2F
2-1: Called Strike
2-2: Strikes out swinging
Top of the 7th over - 0 runs, 0 hits, 0 errors, 0 left on base; San Diego (APP) 0 - Grand Junction 6
BOTTOM OF THE 7TH
Grand Junction Rockies batting - Pitching for San Diego (APP) Padres : LHP Bryan Glover
Batting: LHB Jordan Garcia 0-0: SINGLE (Line Drive, 7S, EV 106.3 MPH)
Batting: RHB Joe Robinson 0-0: Swinging Strike
0-1: Ball
Passed Ball!
Jordan Garcia to second
1-1: Foul Ball, location: 2F
1-2: Ball
2-2: Ball
3-2: Fly out, F7 (Flyball, 78S, EV 78.1 MPH)
Batting: RHB Heitor Bulho 0-0: Called Strike
0-1: Ball
Passed Ball!
Jordan Garcia to third
1-1: Swinging Strike
Passed Ball!
Jordan Garcia scores
1-2: Ball
2-2: Ball
3-2: Fly out, F9 (Flyball, 9LSF, EV 93.8 MPH)
Pinch Hitting: RHB Ed Powell 0-0: Ball
1-0: Called Strike
1-1: Ball
2-1: Ball
3-1: Base on Balls
Batting: LHB Franklin Sanchez 0-0: Called Strike
0-1: Ball
Ed Powell steals 2nd base
1-1: DOUBLE (Groundball, 5L, EV 106.9 MPH)
Ed Powell scores
Batting: RHB Pat Stovall 0-0: Ball
1-0: Ball
Passed Ball!
Franklin Sanchez to third
2-0: Ball
3-0: Called Strike
3-1: Base on Balls
Batting: LHB Craig Tucker 0-0: Called Strike
0-1: Ball
1-1: Fly out, F9 (Flyball, 9S, EV 87.5 MPH)
Bottom of the 7th over - 2 runs, 2 hits, 0 errors, 2 left on base; San Diego (APP) 0 - Grand Junction 8
TOP OF THE 8TH
San Diego (APP) Padres batting - Pitching for Grand Junction Rockies : RHP Kevin Woods
Now in RF: Ed Powell
Batting: RHB Luis Ramos 0-0: Called Strike
0-1: Ball
1-1: Ground out 6-3 (Groundball, 6, EV 91.9 MPH)
Batting: SHB Juan Luna 0-0: Ball
1-0: Ball
2-0: Ball
3-0: Called Strike
3-1: Base on Balls
Batting: LHB Bobby Mohr 0-0: Called Strike
Balk!
Juan Luna to second
0-1: Ball
1-1: Ball
2-1: Ground out 5-3 (Groundball, 56S, EV 88.8 MPH)
Batting: LHB Justin Banner 0-0: Ball
1-0: Swinging Strike
1-1: Swinging Strike
1-2: Ball
2-2: Strikes out swinging
Top of the 8th over - 0 runs, 0 hits, 0 errors, 1 left on base; San Diego (APP) 0 - Grand Junction 8
BOTTOM OF THE 8TH
Grand Junction Rockies batting - Pitching for San Diego (APP) Padres : LHP Bryan Glover
Batting: RHB Kevin Woods 0-0: Called Strike
0-1: Ball
1-1: Called Strike
1-2: Foul Ball, location: 2F
1-2: Foul Ball, location: 2F
1-2: Strikes out looking
Batting: RHB Masahide Asano 0-0: Ball
1-0: Swinging Strike
1-1: Ball
2-1: Foul Ball, location: 2F
2-2: Foul Ball, location: 2F
2-2: Strikes out swinging
Batting: LHB Jordan Garcia 0-0: Ball
1-0: Called Strike
1-1: Ball
2-1: Ball
3-1: Base on Balls
Batting: RHB Joe Robinson 0-0: Swinging Strike
0-1: Called Strike
0-2: Ball
1-2: Ball
Wild Pitch!
Jordan Garcia to second
2-2: Foul Ball, location: 2F
2-2: Ball
3-2: Base on Balls
Batting: RHB Heitor Bulho 0-0: Ground out 3-1 (Groundball, 34, EV 103.1 MPH)
Bottom of the 8th over - 0 runs, 0 hits, 0 errors, 2 left on base; San Diego (APP) 0 - Grand Junction 8
TOP OF THE 9TH
San Diego (APP) Padres batting - Pitching for Grand Junction Rockies : RHP Kevin Woods
Batting: LHB Byron Carmichael 0-0: Foul Ball, location: 2F
0-1: Foul Ball, location: 2F
0-2: Strikes out swinging
Pinch Hitting: RHB Joe Brady 0-0: Ball
1-0: Foul Ball, location: 2F
1-1: Called Strike
1-2: Ball
2-2: Strikes out looking
Batting: RHB Luis Juarez 0-0: Foul Ball, location: 2F
0-1: Ball
1-1: Ball
2-1: Ball
3-1: Foul Ball, location: 2F
3-2: Base on Balls
Batting: SHB Justin Burkholder 0-0: Ground out 1-3 (Groundball, 13S, EV 71.3 MPH)
Top of the 9th over - 0 runs, 0 hits, 0 errors, 1 left on base; San Diego (APP) 0 - Grand Junction 8
Sunday, July 16th , 2023 - OOTP Baseball 24.6 Build 69